[ PARTIDA AOE2 · #504871428 ]
UnrankedJaponeses vs Franks
Equipo del jugador · DERR
Equipo rival · VICT
[ ANÁLISIS DE REPETICIÓN · EXTRAÍDO DE LA PARTIDA GRABADA ]
Feudal
8:50
Castillos
24:31
Imperial
—
| APM promedio | 50.2 |
| APM pico | 101 |
| eAPM promedio | 26.4 |
| Aldeanos / militares | 120 / 86 |
Foco
⚔️ 28.4% · 🌾 71.6%
Cavalry Archer ×50 · Spearman ×13 · Archer ×9 · Battering Ram ×9 · Knight ×4 · Scout Cavalry ×1
Feudal
13:37
Castillos
17:27
Imperial
39:27
| APM promedio | 68.1 |
| APM pico | 138 |
| eAPM promedio | 40.4 |
| Aldeanos / militares | 215 / 71 |
Foco
⚔️ 46.1% · 🌾 53.9%
Knight ×37 · Militia ×9 · Scorpion ×7 · Monk ×6 · Petard ×6 · Scout Cavalry ×2
Mapa de la partida
Recursos iniciales + cada clic de construcción. Líneas = muros · curvas = relieve. ◆ oro · ⬟ piedra · ● bayas · ✦ reliquia · ◌ hueco del cierre
Tu base· ✓ Cerrada en 24:31 · 34t muro · 1 puerta(s)
Base de nW | Sgt.Pepper· Abierta — hueco de 5t
Terreno inicial suavizado · ◌ = hueco del cierre detectado · pasá el cursor para detalles
Inputs por minuto
— Omit the Wise - - nW | Sgt.Pepper
Build order — Omit the Wise
Primeras 150 de 325 acciones detectadas
| 0:00 | Encolar | Villager (Male) |
| 0:00 | Encolar | Villager (Male) |
| 0:01 | Encolar | Villager (Male) |
| 0:01 | Encolar | Villager (Male) |
| 0:02 | Construir | House |
| 0:03 | Construir | House |
| 1:28 | Encolar | Villager (Male) |
| 1:28 | Encolar | Villager (Male) |
| 1:47 | Construir | Lumber Camp |
| 2:01 | Encolar | Villager (Male) |
| 2:24 | Encolar | Villager (Male) |
| 2:24 | Encolar | Villager (Male) |
| 2:51 | Encolar | Villager (Male) |
| 3:12 | Encolar | Villager (Male) |
| 3:28 | Construir | House |
| 3:35 | Encolar | Villager (Male) |
| 3:50 | Construir | Mill |
| 3:51 | Encolar | Villager (Male) |
| 3:57 | Construir | House |
| 4:33 | Encolar | Villager (Male) |
| 4:52 | Encolar | Villager (Male) |
| 5:08 | Encolar | Villager (Male) |
| 5:39 | Encolar | Villager (Male) |
| 6:00 | Investigar | Loom |
| 6:26 | Construir | Barracks |
| 6:29 | Construir | Palisade Wall |
| 6:36 | Investigar | Feudal Age |
| 7:09 | Construir | Palisade Wall |
| 7:14 | Construir | Lumber Camp |
| 7:16 | Construir | Palisade Wall |
| 7:27 | Construir | Palisade Wall |
| 7:29 | Construir | Palisade Wall |
| 7:38 | Encolar | Villager (Male) |
| 7:59 | Construir | Mining Camp |
| 8:50 | Edad | Edad Feudal |
| 8:55 | Construir | Archery Range |
| 8:57 | Encolar | Villager (Male) |
| 9:28 | Encolar | Villager (Male) |
| 9:31 | Investigar | Double-Bit Axe |
| 9:33 | Construir | Palisade Wall |
| 9:41 | Construir | Palisade Wall |
| 9:48 | Encolar | Archer |
| 9:51 | Construir | House |
| 10:01 | Construir | Farm |
| 10:03 | Construir | Farm |
| 10:34 | Encolar | Villager (Male) |
| 10:42 | Construir | Farm |
| 11:03 | Encolar | Villager (Male) |
| 11:06 | Construir | Farm |
| 11:15 | Encolar | Archer |
| 11:35 | Construir | Farm |
| 11:36 | Construir | Farm |
| 11:46 | Encolar | Villager (Male) |
| 11:46 | Encolar | Villager (Male) |
| 11:46 | Encolar | Villager (Male) |
| 12:06 | Construir | Farm |
| 12:21 | Encolar | Archer |
| 12:21 | Encolar | Archer |
| 12:25 | Encolar | Villager (Male) |
| 12:43 | Encolar | Villager (Male) |
| 12:50 | Construir | Mill |
| 12:59 | Construir | House |
| 12:59 | Construir | Palisade Wall |
| 13:02 | Encolar | Villager (Male) |
| 13:25 | Encolar | Archer |
| 13:31 | Encolar | Villager (Male) |
| 13:53 | Encolar | Villager (Male) |
| 13:53 | Encolar | Villager (Male) |
| 13:56 | Encolar | Archer |
| 14:06 | Encolar | Villager (Male) |
| 14:09 | Construir | Blacksmith |
| 14:28 | Encolar | Villager (Male) |
| 14:46 | Encolar | Spearman |
| 14:46 | Encolar | Spearman |
| 14:48 | Encolar | Villager (Male) |
| 14:55 | Construir | House |
| 14:56 | Construir | Palisade Wall |
| 14:59 | Construir | Palisade Wall |
| 15:03 | Construir | Palisade Wall |
| 15:05 | Construir | Palisade Wall |
| 15:07 | Encolar | Villager (Male) |
| 15:11 | Construir | House |
| 15:21 | Encolar | Archer |
| 15:23 | Encolar | Spearman |
| 15:35 | Construir | House |
| 15:46 | Investigar | Fletching |
| 15:53 | Encolar | Archer |
| 15:54 | Encolar | Spearman |
| 16:14 | Construir | Market |
| 16:21 | Encolar | Villager (Male) |
| 16:28 | Construir | Palisade Gate |
| 16:32 | Encolar | Villager (Male) |
| 16:38 | Construir | Farm |
| 16:54 | Encolar | Spearman |
| 16:56 | Encolar | Archer |
| 17:13 | Construir | Farm |
| 17:51 | Encolar | Villager (Male) |
| 17:54 | Construir | Farm |
| 17:54 | Construir | Farm |
| 18:07 | Encolar | Spearman |
| 18:07 | Encolar | Spearman |
| 18:12 | Construir | House |
| 18:15 | Construir | House |
| 18:25 | Construir | Farm |
| 18:50 | Construir | House |
| 18:51 | Construir | House |
| 19:13 | Investigar | Scale Mail Armor |
| 19:18 | Encolar | Spearman |
| 19:18 | Encolar | Spearman |
| 19:30 | Encolar | Villager (Male) |
| 20:10 | Encolar | Spearman |
| 20:10 | Encolar | Spearman |
| 20:18 | Construir | Farm |
| 20:32 | Encolar | Villager (Male) |
| 20:34 | Encolar | Villager (Male) |
| 20:41 | Encolar | Villager (Male) |
| 21:16 | Construir | House |
| 21:18 | Construir | House |
| 21:22 | Construir | House |
| 21:24 | Construir | House |
| 21:29 | Construir | Palisade Wall |
| 21:30 | Construir | Palisade Wall |
| 21:35 | Construir | House |
| 21:39 | Construir | Farm |
| 21:40 | Construir | Farm |
| 21:44 | Construir | Palisade Wall |
| 21:51 | Investigar | Castle Age |
| 21:51 | Investigar | Castle Age |
| 22:05 | Construir | Palisade Gate |
| 22:10 | Construir | House |
| 22:29 | Encolar | Villager (Male) |
| 22:59 | Construir | Farm |
| 23:07 | Construir | House |
| 23:19 | Encolar | Villager (Male) |
| 23:21 | Encolar | Villager (Male) |
| 23:36 | Construir | Archery Range |
| 23:54 | Investigar | Horse Collar |
| 23:55 | Investigar | Gold Mining |
| 24:15 | Investigar | Wheelbarrow |
| 24:31 | Edad | Edad de los Castillos |
| 24:49 | Construir | Town Center |
| 24:54 | Construir | Town Center |
| 24:58 | Encolar | Villager (Male) |
| 25:00 | Encolar | Villager (Male) |
| 25:08 | Encolar | Cavalry Archer |
| 25:08 | Encolar | Cavalry Archer |
| 25:18 | Investigar | Bodkin Arrow |
| 25:27 | Encolar | Villager (Male) |
| 25:27 | Encolar | Villager (Male) |
| 25:34 | Encolar | Villager (Male) |
Build order — nW | Sgt.Pepper
Primeras 150 de 493 acciones detectadas
| 0:01 | Encolar | Villager (Male) ×4 |
| 0:02 | Construir | House |
| 0:03 | Construir | House |
| 1:23 | Encolar | Villager (Male) |
| 1:48 | Encolar | Villager (Male) |
| 1:48 | Encolar | Villager (Male) |
| 2:27 | Encolar | Villager (Male) |
| 2:39 | Encolar | Villager (Male) |
| 2:54 | Encolar | Villager (Male) |
| 3:06 | Construir | House |
| 3:25 | Encolar | Villager (Male) |
| 3:31 | Encolar | Villager (Male) |
| 3:48 | Encolar | Villager (Male) |
| 3:48 | Encolar | Villager (Male) |
| 4:00 | Construir | Barracks |
| 4:07 | Encolar | Villager (Male) |
| 4:40 | Construir | House |
| 4:53 | Encolar | Militia ×2 |
| 4:54 | Encolar | Militia ×2 |
| 5:00 | Construir | House |
| 5:04 | Encolar | Villager (Male) |
| 5:04 | Encolar | Villager (Male) |
| 5:25 | Encolar | Militia |
| 5:26 | Encolar | Militia |
| 5:41 | Encolar | Militia |
| 5:41 | Encolar | Militia |
| 5:56 | Construir | Lumber Camp |
| 6:17 | Encolar | Villager (Male) |
| 6:17 | Encolar | Villager (Male) |
| 6:31 | Encolar | Villager (Male) |
| 6:31 | Encolar | Villager (Male) |
| 7:09 | Construir | House |
| 7:13 | Encolar | Villager (Male) |
| 7:17 | Encolar | Militia |
| 7:25 | Encolar | Villager (Male) |
| 7:41 | Construir | Mill |
| 7:47 | Construir | House |
| 7:59 | Construir | Palisade Wall |
| 8:00 | Construir | House |
| 8:02 | Construir | Palisade Wall |
| 8:03 | Construir | Palisade Wall |
| 8:04 | Construir | Palisade Wall |
| 8:05 | Encolar | Villager (Male) |
| 8:05 | Encolar | Villager (Male) |
| 8:06 | Encolar | Villager (Male) |
| 8:34 | Construir | Palisade Wall |
| 8:37 | Construir | Palisade Wall |
| 8:40 | Encolar | Villager (Male) |
| 9:10 | Encolar | Villager (Male) |
| 9:10 | Encolar | Villager (Male) |
| 9:11 | Encolar | Villager (Male) |
| 9:26 | Construir | Mill |
| 9:48 | Encolar | Villager (Male) |
| 9:52 | Construir | House |
| 9:53 | Construir | Palisade Wall |
| 10:13 | Encolar | Villager (Male) |
| 10:15 | Construir | Mining Camp |
| 10:38 | Construir | Palisade Wall |
| 10:51 | Construir | Farm |
| 11:02 | Investigar | Loom |
| 11:02 | Investigar | Loom |
| 11:23 | Investigar | Feudal Age |
| 11:36 | Construir | Palisade Wall |
| 12:03 | Construir | House |
| 12:05 | Construir | Palisade Wall |
| 12:14 | Construir | Farm |
| 12:24 | Construir | Palisade Wall |
| 12:56 | Construir | Palisade Wall |
| 13:13 | Encolar | Villager (Male) |
| 13:27 | Construir | Palisade Wall |
| 13:37 | Edad | Edad Feudal |
| 13:41 | Construir | Stable |
| 13:54 | Construir | Market |
| 14:08 | Construir | Watch Tower |
| 14:18 | Construir | Palisade Wall |
| 14:19 | Construir | House |
| 14:47 | Investigar | Castle Age |
| 14:47 | Investigar | Castle Age |
| 14:56 | Construir | House |
| 14:56 | Construir | Palisade Wall |
| 15:06 | Construir | Palisade Wall |
| 15:12 | Construir | House |
| 15:20 | Construir | Farm |
| 15:24 | Construir | Farm |
| 15:36 | Construir | House |
| 15:46 | Construir | Farm |
| 16:06 | Construir | Stone Wall |
| 16:07 | Construir | Stone Wall |
| 16:08 | Construir | Stone Wall |
| 16:11 | Construir | Stone Wall |
| 16:12 | Construir | Stone Wall |
| 16:17 | Construir | Farm |
| 16:23 | Construir | Farm |
| 16:24 | Construir | Farm |
| 16:34 | Construir | Farm |
| 16:34 | Encolar | Scout Cavalry |
| 16:35 | Encolar | Scout Cavalry |
| 16:38 | Investigar | Double-Bit Axe |
| 16:58 | Construir | Farm |
| 17:03 | Construir | Farm |
| 17:06 | Encolar | Villager (Male) |
| 17:21 | Construir | Stone Wall |
| 17:22 | Construir | Stone Wall |
| 17:27 | Edad | Edad de los Castillos |
| 17:31 | Construir | Farm |
| 17:36 | Encolar | Knight |
| 17:37 | Encolar | Knight |
| 17:45 | Encolar | Villager (Male) |
| 17:48 | Construir | House |
| 18:07 | Encolar | Villager (Male) |
| 18:07 | Encolar | Villager (Male) |
| 18:14 | Construir | Town Center |
| 18:18 | Encolar | Knight |
| 18:19 | Encolar | Knight |
| 18:46 | Encolar | Villager (Male) |
| 18:46 | Encolar | Villager (Male) |
| 18:49 | Construir | Farm |
| 18:52 | Encolar | Villager (Male) |
| 18:55 | Encolar | Knight |
| 19:16 | Construir | House |
| 19:20 | Encolar | Villager (Male) |
| 19:23 | Construir | Farm |
| 19:25 | Construir | Farm |
| 19:33 | Encolar | Villager (Male) |
| 19:39 | Encolar | Villager (Male) |
| 19:39 | Encolar | Villager (Male) |
| 19:47 | Construir | Farm |
| 19:50 | Encolar | Villager (Male) |
| 19:50 | Encolar | Villager (Male) |
| 20:03 | Construir | Farm |
| 20:13 | Encolar | Villager (Male) |
| 20:23 | Construir | House |
| 20:25 | Construir | House |
| 20:25 | Encolar | Villager (Male) |
| 20:26 | Encolar | Villager (Male) |
| 20:30 | Construir | Palisade Wall |
| 20:30 | Construir | Palisade Wall |
| 20:38 | Encolar | Villager (Male) |
| 20:44 | Construir | Farm |
| 20:45 | Encolar | Villager (Male) |
| 20:45 | Encolar | Villager (Male) |
| 21:00 | Encolar | Villager (Male) |
| 21:00 | Encolar | Villager (Male) |
| 21:02 | Construir | Town Center |
| 21:14 | Encolar | Villager (Male) |
| 21:14 | Encolar | Villager (Male) |
| 21:40 | Encolar | Villager (Male) |
| 21:40 | Encolar | Villager (Male) |
| 21:46 | Encolar | Villager (Male) |
| 21:46 | Encolar | Villager (Male) |
Cronología de la partida
| 4:00 | nW | Sgt.Pepper · first_building Barracks |
| 6:26 | Omit the Wise · first_building Barracks |
| 6:29 | Omit the Wise · wall_segment Palisade Wall x4 |
| 7:09 | Omit the Wise · wall_segment Palisade Wall x1 |
| 7:16 | Omit the Wise · wall_segment Palisade Wall x1 |
| 7:27 | Omit the Wise · wall_segment Palisade Wall x1 |
| 7:29 | Omit the Wise · wall_segment Palisade Wall x1 |
| 7:59 | nW | Sgt.Pepper · wall_segment Palisade Wall x2 |
| 8:02 | nW | Sgt.Pepper · wall_segment Palisade Wall x2 |
| 8:03 | nW | Sgt.Pepper · wall_segment Palisade Wall x2 |
| 8:04 | nW | Sgt.Pepper · wall_segment Palisade Wall x3 |
| 8:34 | nW | Sgt.Pepper · wall_segment Palisade Wall x1 |
| 8:37 | nW | Sgt.Pepper · wall_segment Palisade Wall x1 |
| 8:50 | Omit the Wise · age_up feudal |
| 8:55 | Omit the Wise · first_building Archery Range |
| 9:33 | Omit the Wise · wall_segment Palisade Wall x1 |
| 9:41 | Omit the Wise · wall_segment Palisade Wall x1 |
| 9:53 | nW | Sgt.Pepper · wall_segment Palisade Wall x6 |
| 10:38 | nW | Sgt.Pepper · wall_segment Palisade Wall x1 |
| 11:36 | nW | Sgt.Pepper · wall_segment Palisade Wall x5 |
| 12:05 | nW | Sgt.Pepper · wall_segment Palisade Wall x7 |
| 12:24 | nW | Sgt.Pepper · wall_segment Palisade Wall x9 |
| 12:56 | nW | Sgt.Pepper · wall_segment Palisade Wall x4 |
| 12:59 | Omit the Wise · wall_segment Palisade Wall x1 |
| 13:27 | nW | Sgt.Pepper · wall_segment Palisade Wall x1 |
| 13:37 | nW | Sgt.Pepper · age_up feudal |
| 13:41 | nW | Sgt.Pepper · first_building Stable |
| 14:18 | nW | Sgt.Pepper · wall_segment Palisade Wall x1 |
| 14:56 | Omit the Wise · wall_segment Palisade Wall x5 |
| 14:56 | nW | Sgt.Pepper · wall_segment Palisade Wall x1 |
| 14:59 | Omit the Wise · wall_segment Palisade Wall x12 |
| 15:03 | Omit the Wise · wall_segment Palisade Wall x3 |
| 15:05 | Omit the Wise · wall_segment Palisade Wall x1 |
| 15:06 | nW | Sgt.Pepper · wall_segment Palisade Wall x5 |
| 16:06 | nW | Sgt.Pepper · wall_segment Stone Wall x1 |
| 16:07 | nW | Sgt.Pepper · wall_segment Stone Wall x1 |
| 16:08 | nW | Sgt.Pepper · wall_segment Stone Wall x1 |
| 16:11 | nW | Sgt.Pepper · wall_segment Stone Wall x1 |
| 16:12 | nW | Sgt.Pepper · wall_segment Stone Wall x1 |
| 17:21 | nW | Sgt.Pepper · wall_segment Stone Wall x1 |
| 17:22 | nW | Sgt.Pepper · wall_segment Stone Wall x1 |
| 17:27 | nW | Sgt.Pepper · age_up castle |
| 17:57 | nW | Sgt.Pepper · first_market_buy 100 stone |
| 18:46 | Omit the Wise · first_market_buy 100 food |
| 18:47 | Omit the Wise · first_market_sell 100 wood |
| 20:30 | nW | Sgt.Pepper · wall_segment Palisade Wall x1 |
| 20:30 | nW | Sgt.Pepper · wall_segment Palisade Wall x1 |
| 21:29 | Omit the Wise · wall_segment Palisade Wall x1 |
| 21:30 | Omit the Wise · wall_segment Palisade Wall x1 |
| 21:44 | Omit the Wise · wall_segment Palisade Wall x1 |
| 22:21 | nW | Sgt.Pepper · wall_segment Stone Wall x1 |
| 23:32 | nW | Sgt.Pepper · wall_segment Palisade Wall x1 |
| 23:34 | nW | Sgt.Pepper · wall_segment Palisade Wall x1 |
| 24:22 | nW | Sgt.Pepper · first_building Monastery |
| 24:31 | nW | Sgt.Pepper · wall_segment Palisade Wall x1 |
| 24:31 | Omit the Wise · age_up castle |
| 25:34 | nW | Sgt.Pepper · first_building Siege Workshop |
| 29:18 | Omit the Wise · first_building Stable |
| 32:10 | Omit the Wise · first_building Castle |
| 32:33 | nW | Sgt.Pepper · first_building Castle |
| 34:14 | Omit the Wise · first_building Siege Workshop |
| 39:27 | nW | Sgt.Pepper · age_up imperial |
| 40:03 | Omit the Wise · wall_segment Stone Wall x1 |
| 41:32 | Omit the Wise · resign |
[ ANÁLISIS IA · 1 CRÉDITO ]
¿Qué pasó realmente en esta partida?
Wolo.gg analiza cada decisión: build order, eco, micro, errores típicos por bracket. Análisis personalizado por WhatsApp o Discord en 30 segundos.
Guía civ
Japoneses
Perfil
Jugador #15935362